 Dungeon Crawl Stone Soup version bcrawl-1.27.5 (webtiles) character file.

Game seed: 15187296510329871648

84127 Banto the Gusty (level 1, 0/14 HPs)
             Began as a Demigod Wanderer on Aug 25, 2020.
             Slain by a jackal (2 damage)
             ... on level 1 of the Dungeon.
             The game lasted 00:00:31 (128 turns).

Banto the Gusty (Demigod Wanderer)                   Turns: 128, Time: 00:00:32

Health: 0/14       AC:  2    Str: 18    XL:     1   Next: 66%
Magic:  5/5        EV: 11    Int: 17    God:    Demigod [......]
Gold:   0          SH:  0    Dex: 13    Spells: 4/4 levels left

rFire    . . .     SeeInvis .   a - +0 club
rCold    . . .     Gourm    .   (no shield)
rNeg     . . .     Faith    .   d - +0 robe
rPois    .         Spirit   .   (no helmet)
rElec    .         Reflect  .   (no cloak)
rCorr    .         Harm     .   (no gloves)
MR       .....                  (no boots)
Stlth    ++........             (no amulet)
HPRegen  0.04/turn              (no ring)
MPRegen  0.09/turn              (no ring)

@: no status effects
A: high mp 1
a: no special abilities


You were on level 1 of the Dungeon.
You worshipped Demigod.
Demigod was noncommittal.
You were not hungry.

You visited 1 branch of the dungeon, and saw 1 of its levels.

Inventory:

Hand Weapons
 a - a +0 club (weapon)
Armour
 b - a +0 pair of boots
 d - a +0 robe (worn)
Comestibles
 e - a ration {!d}


   Skills:
 + Level 1.4 Stealth
   Level 1.0 Shields
 + Level 2.0 Spellcasting
   Level 2.6 Summonings
   Level 2.6 Air Magic


You had 4 spell levels left.
You didn't know any spells.
Your spell library contained the following spells:

 Spells                   Type           Power        Failure   Level  Hunger
 Summon Butterflies       Summ           ##......     6%          1    None
 Summon Small Mammal      Summ           ##..         6%          1    None
 Call Imp                 Summ           ##....       10%         2    ##.....
 Shock                    Conj/Air       #....        11%         1    None
 Swiftness                Chrm/Air       #.......     17%         2    ##.....
 Apportation              Tloc           #.....       19%         1    None
 Infusion                 Chrm           #.......     19%         1    None
 Sandblast                Erth           #.....       19%         1    None
 Slow                     Hex            #.......     19%         1    None
 Call Canine Familiar     Summ           ##......     19%         3    ####...
 Static Discharge         Air            ##......     19%         3    ####...
 Airstrike                Air            ##........   54%         4    ######.
 Summon Ice Beast         Ice/Summ       #.......     73%         4    ######.
 Summon Lightning Spire   Summ/Air       ##......     87%         5    #######
 Lightning Bolt           Conj/Air       #.........   97%         5    #######


Dungeon Overview and Level Annotations

Branches:
Dungeon (1/12)


Innate Abilities, Weirdness & Mutations

You have an increased reservoir of magic. (+10% MP)


Message History

The jackal bites you.
* * * LOW HITPOINT WARNING * * *
You hit the jackal.
The jackal is severely wounded.
The jackal completely misses you. The jackal bites you.
* * * LOW HITPOINT WARNING * * *
You aren't carrying any potions.
You barely miss the jackal.
The jackal is severely wounded.
The jackal completely misses you. The jackal closely misses you.
You hit the jackal.
You kill the jackal!
Your kill strengthens your divinity.
Your Spellcasting skill increases to level 2!
The jackal bites you but does no damage.
You hit the jackal.
The jackal is almost dead.
The jackal bites you.
You die...
Your divinity fades.

.. .# .# .# ####.# ...
#...†# ... #..### #.###
####...##########
#.#≈##+.......h@.......
♣...P≈#####...##########
8♣.P8P≈# #..## ♣...P≈#
#...# P.<.P≈## ###.#
8P.P8P≈# #.# P≈.≈P≈##
#.# ≈#.#≈## #.# ##.###
#.#


You could see a jackal.

Vanquished Creatures
  A goblin (D:1)
  3 jackals (D:1)
4 creatures vanquished.

Vanquished Creatures (others)
  A bat (D:1)
1 creature vanquished.

Grand Total: 5 creatures vanquished

Notes
Turn   | Place    | Note
-------+----------+-------------------------------------------
     0 | D:1      | Banto the Demigod Wanderer began the quest for the Orb.
     0 | D:1      | Banto set off with the following items: a +0 club, a +0
                  | robe, a ration {!d}; and the following spells available to
                  | memorise: Summon Butterflies, Summon Small Mammal, Call
                  | Imp, Shock, Swiftness, Apportation, Infusion, Sandblast,
                  | Slow, Call Canine Familiar, Static Discharge, Airstrike,
                  | Summon Ice Beast, Summon Lightning Spire, Lightning Bolt
     0 | D:1      | Reached XP level 1. HP: 14/14 MP: 5/5
   128 | D:1      | Slain by a jackal

Skill      XL: |  1 |
---------------+----+-----
Spellcasting   | 2 |  2.0
Stealth        | |  1.4
Shields        | |  1.0
Summonings     | |  2.6
Air Magic      | |  2.6

Action                   || total
-------------------------++-------
Melee: Club              ||    15
Armor: Robe              ||     1
Dodge: Dodged            ||    14
